 Dungeon Crawl Stone Soup version 0.22-a0-271-gc000056 (webtiles) character file.

109 grindst0ne the Sneak (level 4, -6/35 HPs)
             Began as a Vampire Assassin on Mar 12, 2018.
             Was a Believer of Ru.
             Killed from afar by Natasha (8 damage)
             ... with a magic dart
             ... on level 3 of the Dungeon.
             The game lasted 00:08:26 (3632 turns).

grindst0ne the Sneak (Vampire Assassin)             Turns: 3632, Time: 00:08:27

Health: -6/35      AC:  0    Str: 10    XL:     4   Next: 60%
Magic:  3/4        EV: 19    Int: 13    God:    Ru [**....]
Gold:   170        SH:  0    Dex: 21    Spells: 3/3 levels left

rFire    . . .     SeeInvis +   (weapon currently unavailable)
rCold    + . .     Gourm    .   (shield unavailable)
rNeg     + + .     Faith    .   (armour currently unavailable)
rPois    +         Spirit   .   (helmet currently unavailable)
rElec    .         Reflect  .   (cloak currently unavailable)
rCorr    .         Harm     .   (gloves currently unavailable)
MR       .....                  (boots currently unavailable)
Stlth    ++++++....             (no amulet)
HPRegen  0.05/turn              (ring unavailable)
MPRegen  0.09/turn              (ring currently unavailable)

@: bat-form, flying, regenerating slowly, slowed, quick
A: tiny, fangs 3, see invisible, missing a hand
a: End Transformation, Renounce Religion


You were on level 3 of the Dungeon.
You worshipped Ru.
Ru was pleased with you.
You were near bloodless.
You were in vampire-bat-form.
You visited 1 branch of the dungeon, and saw 3 of its levels.

You collected 170 gold pieces.

Inventory:

Hand Weapons
 a - a +2 dagger (melded)
 b - a +0 blowgun
Missiles
 e - 15 poisoned needles
 f - 2 curare-tipped needles
 k - 8 needles of sleeping
Armour
 c - a +0 robe (melded)
 d - a +0 cloak (melded)
Jewellery
 l - an uncursed ring of magical power
 o - an uncursed ring of fire
 r - a +3 ring of strength (melded)
 s - a +4 ring of dexterity
Wands
 t - a wand of digging (12)
Scrolls
 h - a scroll of enchant armour {unknown}
 i - 5 scrolls of identify {unknown}
 j - a scroll of noise {unknown}
 n - 2 scrolls of remove curse {unknown}
 q - a scroll of magic mapping {unknown}
 v - a scroll of teleportation {unknown}
 w - a scroll of enchant weapon {unknown}
 x - a scroll of blinking {unknown}
Potions
 g - 13 potions of blood
 m - 2 potions of haste {unknown}
 p - a potion of lignification {unknown}
 u - a potion of berserk rage {unknown}
 z - a potion of resistance {unknown}


   Skills:
 + Level 3.3 Fighting
 - Level 2.1 Short Blades
 - Level 1.5 Throwing
 - Level 1.1 Dodging
 + Level 7.7 Stealth


You had 3 spell levels left.
You didn't know any spells.

Dungeon Overview and Level Annotations

Branches:
Dungeon (3/15)

Altars:
Gozag
Ru

Annotations:
D:2 exclusion: downstairs
D:3 Natasha; Sigmund; darksquall's ghost, amateur DrAK


Innate Abilities, Weirdness & Mutations

You heal slowly.
You have razor-sharp teeth.
You have supernaturally acute eyesight. (SInv)
((You can survive without breathing.))
You are missing a hand.


Message History

You feel as though you will be slow longer.
Natasha zaps a wand.
You turn into a vampire bat.
Your +2 dagger melds into your body.
Your +0 cloak melds into your body.
Your +0 robe melds into your body.
Your +3 ring of strength melds into your body.
You feel weaker. The iron imp misses you.
Natasha mumbles some strange words.
Natasha shimmers violently.
Natasha stares at you and mumbles some strange words.
You resist with some effort.
The iron imp shouts, "Get thee gone, thou horrid full-gorged beggar!"
Natasha begins to cast a spell, but is stunned by your will!
The iron imp shouts, "Scamper home, thou frothy bat-flapping whip-jack!"
Natasha zaps a wand.
You resist with some effort.
Natasha zaps a wand.
You resist with some effort.
Natasha zaps a wand.
You resist with some effort.
Natasha stares at you and mumbles some strange words.
The magic dart hits you!
You die...

........#.###.............#.##...
..........#....>[#####.##...##...
........###......#####.##.#...#..
........# #......#........#...#..
..#.....###...#.##........#...#..
..#.....#.#...............#...#..
..#.......#..h##...###.##.#...#..
.###.####.#.#5.........##.#......
.......##.#.....b.......#.##.....
.......##(.......##..............
.......##........##..............
.....####8.....8##...............
.....#..#..)....#.....###..#.....
#....#..#8.....8#.......#.....#..
.....#..#)))....#.....#.#######..
####.#..#8.....8#.###.#.# ..
####..รท.#.......#.# #.#.# .


You could see an iron imp and Natasha.

Vanquished Creatures
  Natasha (D:3)
  A gnoll (D:1)
  An ooze (D:1)
  A worm (D:2)
  2 dart slugs (D:2)
  A leopard gecko (D:3)
  An orc (D:3)
  4 giant cockroaches
  8 hobgoblins
  7 kobolds
  A quokka (D:3)
  7 bats
  6 frilled lizards
  15 goblins
  3 rats
59 creatures vanquished.

Notes
Turn   | Place    | Note
-------+----------+-------------------------------------------
     0 | D:1      | grindst0ne the Vampire Assassin began the quest for the Orb.
     0 | D:1      | Reached XP level 1. HP: 16/16 MP: 1/1
    39 | D:1      | Reached skill level 6 in Stealth
   381 | D:1      | Reached XP level 2. HP: 22/22 MP: 2/2
   708 | D:1      | Reached XP level 3. HP: 28/28 MP: 3/3
   999 | D:2      | Found a sacrificial altar of Ru.
  1014 | D:2      | Became a worshipper of Ru the Awakened
  1651 | D:2      | Reached skill level 7 in Stealth
  2426 | D:3      | Found an opulent altar of Gozag.
  2530 | D:3      | Reached XP level 4. HP: 35/35 MP: 4/4
  2538 | D:3      | Noticed darksquall's ghost (amateur DrAK)
  2552 | D:3      | Gained mutation: You are missing a hand. [Ru sacrifice]
  2552 | D:3      | Reached * piety under Ru
  2552 | D:3      | Reached ** piety under Ru
  2725 | D:3      | Noticed Sigmund
  3418 | D:3      | Noticed Natasha
  3425 | D:3      | Killed Natasha
  3604 | D:3      | Noticed Natasha
  3619 | D:3      | HP: 1/35 [Natasha (7)]
  3632 | D:3      | Killed from afar by Natasha

Vault maps used:
D:1:      minmay_arrival_doors, serial_park_tiny_pond, minmay_misc_feat_hallway,
          nrook_mini_vaults
D:2:      lemuel_round_altar
D:3:      kennysheep_the_goblin_king, nicolae_gozag_seed_capital, uniq_natasha,
          uniq_sigmund

Skill      XL: |  1  2  3 |
---------------+----------+-----
Fighting       | 2 3 |  3.3
Stealth        | 6 7 |  7.7
Short Blades   | |  2.1
Throwing       | |  1.5
Dodging        | |  1.1

Action                   |  1- 3 |  4- 6 || total
-------------------------+-------+-------++-------
Melee: Dagger            |   101 |    38 ||   139
       Bite              |     9 |     5 ||    14
 Fire: Blowgun           |       |     1 ||     1
Invok: Sacrifice a Hand  |       |     1 ||     1
 Abil: Bat Form          |       |     1 ||     1
  Use: Potion            |     2 |     1 ||     3
 Stab: Sleeping          |    16 |     4 ||    20
       Distracted        |       |     1 ||     1
Armor: Robe              |    25 |    14 ||    39
Dodge: Dodged            |    51 |    39 ||    90

Table legend:
 A = Spawn XP
 B = Non-spawn XP
 C = Spawn XP percentage of total XP
 D = Spawn monster count
 E = Non-spawn monster count
 F = Spawn count percentage of total count
 G = Total turns spent on level
                    A         B        C        D         E        F      G
               +---------+---------+-------+---------+---------+-------+---------
         Total |       0 |     157 |   0.0 |       0 |      59 |   0.0 |  3632
               +---------+---------+-------+---------+---------+-------+---------
           D:1 |       0 |      43 |   0.0 |       0 |      16 |   0.0 |   935
           D:2 |       0 |      34 |   0.0 |       0 |      17 |   0.0 |  2002
           D:3 |       0 |      80 |   0.0 |       0 |      26 |   0.0 |   695
               +---------+---------+-------+---------+---------+-------+---------
